 Dungeon Crawl Stone Soup version 0.21.1-1-g345015fe64 (webtiles) character file.

572 Peloso the Slasher (level 7, -7/61 HPs)
             Began as a Minotaur Fighter on July 15, 2018.
             Killed by divine providence
             ... invoked by an orc priest
              (13 damage)
             ... on level 5 of the Dungeon.
             The game lasted 00:05:09 (2682 turns).

Peloso the Slasher (Minotaur Fighter)               Turns: 2682, Time: 00:05:09

Health: -7/61      AC: 14    Str: 21    XL:     7   Next: 12%
Magic:  6/6        EV:  5    Int:  5    God:
Gold:   149        SH: 10    Dex: 11    Spells: 6/6 levels left

rFire    . . .     SeeInvis .   a - +0 long sword
rCold    . . .     Gourm    .   c - +0 shield
rNeg     . . .     Faith    .   b - +0 plate armour
rPois    .         Spirit   .   q - +2 hat
rElec    .         Reflect  .   (no cloak)
rCorr    .         Harm     .   (no gloves)
MR       .....                  (no boots)
Stlth    ..........             (no amulet)
HPRegen  0.20/turn              (no ring)
MPRegen  0.10/turn              (no ring)

@: no status effects
A: retaliatory headbutt, horns 2
a: no special abilities


You were on level 5 of the Dungeon.
You were not hungry.

You visited 1 branch of the dungeon, and saw 5 of its levels.

You collected 149 gold pieces.

Inventory:

Hand Weapons
 a - a +0 long sword (weapon)
 k - a cursed +0 hand axe
Armour
 b - a +0 plate armour (worn)
 c - a +0 shield (worn)
 q - a +2 hat (worn)
Wands
 t - a wand of random effects (37)
Scrolls
 e - 2 scrolls of immolation {unknown}
 i - 2 scrolls of teleportation {unknown}
 l - 4 scrolls of identify {unknown}
 n - a scroll of fear {unknown}
 o - a scroll of remove curse {unknown}
 r - a scroll of blinking {unknown}
Potions
 d - a potion of might
 g - a potion of magic {unknown}
 h - a potion of haste {unknown}
 j - 2 potions of curing {unknown}
 m - a potion of ambrosia {unknown}
 p - a potion of agility {unknown}
 s - a potion of mutation {unknown}
Comestibles
 f - 5 rations


   Skills:
 + Level 5.2 Fighting
 + Level 6.2 Long Blades
 + Level 5.5 Armour
 + Level 1.5 Dodging
 + Level 0.2 Stealth
 + Level 5.1 Shields


You had 6 spell levels left.
You didn't know any spells.

Dungeon Overview and Level Annotations

Branches:
Dungeon (6/15)
 Temple: D:4-7

Altars:
Gozag
Qazlal


Innate Abilities, Weirdness & Mutations

You reflexively headbutt those who attack you in melee.
You have a pair of horns on your head.


Message History

The orc priest calls down the wrath of Beogh upon you.
Beogh smites you!
* * * LOW HITPOINT WARNING * * *
The orc warrior barely misses you. You block the orc priest's attack.
You hit the orc warrior.
The orc warrior is lightly wounded.
The orc warrior hits you with a dire flail!
* * * LOW HITPOINT WARNING * * *
You block the orc priest's attack.
You closely miss the orc warrior.
You headbutt the orc warrior, but do no damage.
The orc warrior is lightly wounded.
You block the orc warrior's attack. You block the orc priest's attack.
You hit the orc warrior. Your headbutt misses the orc warrior.
The orc warrior is lightly wounded.
You block the orc warrior's attack. You block the orc priest's attack.
Unknown command.
The orc priest calls down the wrath of Beogh upon you.
Beogh smites you!
You die...

...#........# ...#
...#........# ...
...####++#### #c.
.>## #l# .## ###
#o# ## ..# #)# #
#.# #o# #########
#.# #.#
.......##.##>###@#
.#####.##........#
..# #.#####.#####
.#####.#####.#
##...........#
##)###.#######
..)# #.# ######.#
.......#


You could see an orc warrior, a wyvern, a centaur and an orc priest.

Vanquished Creatures
  A phantom (D:5)
  An ogre (D:5)
  3 orc priests (D:5)
  A centaur skeleton (D:5)
  An iguana (D:5)
  Natasha (thrice) (D:2 D:3)
  2 orc wizards (D:5)
  A gnoll (D:1)
  2 adders (D:3)
  An ooze (D:3)
  5 worms
  2 leopard geckos
  10 orcs
  2 ball pythons
  7 bats
  5 giant cockroaches
  5 goblins
  8 hobgoblins
  2 jackals (D:1)
  A quokka (D:3)
  8 frilled lizards
  5 kobolds
  6 rats
82 creatures vanquished.

Notes
Turn   | Place    | Note
-------+----------+-------------------------------------------
     0 | D:1      | Peloso the Minotaur Fighter began the quest for the Orb.
     0 | D:1      | Reached XP level 1. HP: 19/19 MP: 0/0
   138 | D:1      | Reached XP level 2. HP: 21/27 MP: 1/1
   807 | D:2      | Reached XP level 3. HP: 31/33 MP: 2/2
  1079 | D:2      | Noticed Natasha
  1099 | D:2      | Killed Natasha
  1099 | D:2      | Reached skill level 3 in Long Blades
  1099 | D:2      | Reached skill level 1 in Dodging
  1099 | D:2      | Reached XP level 4. HP: 17/40 MP: 3/3
  1333 | D:2      | Found a stormy altar of Qazlal.
  1769 | D:3      | Noticed Natasha
  1773 | D:3      | Killed Natasha
  1773 | D:3      | Reached skill level 4 in Long Blades
  1773 | D:3      | Reached XP level 5. HP: 35/46 MP: 4/4
  1889 | D:3      | Found an opulent altar of Gozag.
  2134 | D:3      | Noticed Natasha
  2141 | D:3      | Killed Natasha
  2335 | D:3      | You fall through a shaft for 3 floors!
  2346 | D:5      | Entered Level 5 of the Dungeon
  2362 | D:5      | Noticed an ogre
  2368 | D:5      | Killed an ogre
  2368 | D:5      | Reached skill level 5 in Armour
  2368 | D:5      | Reached XP level 6. HP: 33/55 MP: 5/5
  2392 | D:5      | Reached skill level 5 in Long Blades
  2447 | D:5      | Reached skill level 5 in Shields
  2452 | D:5      | Reached skill level 5 in Fighting
  2620 | D:5      | Reached skill level 6 in Long Blades
  2620 | D:5      | Reached XP level 7. HP: 59/61 MP: 6/6
  2666 | D:5      | Noticed a wyvern
  2682 | D:5      | Killed from afar by an orc priest

Skill      XL: |  1  2  3  4  5  6 |
---------------+-------------------+-----
Armour         | 4 5 |  5.5
Shields        | 4 5 |  5.1
Fighting       | 4 5 |  5.2
Long Blades    | 3 4 6 |  6.2
Dodging        | 1 |  1.5
Stealth        | |  0.2

Action                   |  1- 3 |  4- 6 |  7- 9 || total
-------------------------+-------+-------+-------++-------
Melee: Long sword        |    98 |   123 |    13 ||   234
       Headbutt          |    13 |    20 |     3 ||    36
  Use: Potion            |       |     1 |       ||     1
  Eat: Chunk             |       |     6 |       ||     6
Armor: Scale mail        |    43 |    25 |       ||    68
       Plate armour      |       |    22 |     3 ||    25
Dodge: Dodged            |    27 |    23 |     1 ||    51
Block: Shield            |    44 |    59 |     8 ||   111
       Rpst.: Long sword |    11 |     4 |       ||    15
